 Dungeon Crawl Stone Soup version 0.24-a0-217-g1152973720 (webtiles) character file.

Game seed: 6093878839410089737

133653 Redear the Eclecticist (level 16, -6/118 HPs)
             Began as a Mummy Wizard on Mar 29, 2019.
             Was an Initiate of Gozag.
             Mangled by a tarantella (7 damage)
             ... on level 2 of the Spider Nest on Mar 30, 2019.
             The game lasted 06:15:45 (39011 turns).

Redear the Eclecticist (Mummy Wizard)              Turns: 39011, Time: 06:15:45

Health: -6/118     AC: 16    Str: 17    XL:     16   Next: 60%
Magic:  0/48       EV:  7    Int: 27    God:    Gozag
Gold:   3154       SH:  0    Dex: 11    Spells: 30/53 levels left

rFire    + + .     SeeInvis .   P - staff of fire {rF+}
rCold    + . .     Gourm    .   p - +0 buckler (curse)
rNeg     + + +     Faith    .   M - +2 animal skin of Dim Light {rPois rF+ rCorr}
rPois    ∞         Spirit   +   u - +2 hat of the Bear Spirit {Spirit, +Rage rN+ MR++}
rElec    +         Reflect  .   m - +2 cloak {rC+} {rC+}
rCorr    +         Harm     .   a - +2 pair of gloves
MR       ++++.                  g - +2 pair of boots
Stlth    +.........             k - amulet of magic regeneration
HPRegen  0.29/turn              z - ring "Xeatonop" {Fire rElec Str+6 Int+4}
MPRegen  0.56/turn              J - ring of magical power {MP+9}

@: confused, held
A: no food or potions, fire vulnerability, cold resistance 1, negative energy
resistance 3, torment resistance, unbreathing, in touch with death 1
a: Potion Petition, Call Merchant, Bribe Branch, Renounce Religion


You were on level 2 of the Spider Nest.
You worshipped Gozag.
Gozag was most pleased with you.
You were not hungry.

You visited 5 branches of the dungeon, and saw 26 of its levels.
You also visited: Gauntlet, Ice Cave and Volcano.

You collected 10165 gold pieces.
You spent 3816 gold pieces at shops.
You paid 3195 gold pieces to Gozag.

Inventory:

Hand Weapons
 o - the +1 dagger of Atoritev {flame, rC+ MR+ Int+2 Dex+2}
   (You found it on level 2 of the Lair of Beasts)

   It has been specially enchanted to burn those struck by it, causing extra
   injury to most foes and up to half again as much damage against particularly
   susceptible opponents.
   It affects your intelligence (+2).
   It affects your dexterity (+2).
   It protects you from cold.
   It affects your resistance to hostile enchantments.
 K - a +6 quick blade of protection
Missiles
 y - a throwing net {=f}
 Q - 131 stones (quivered)
Armour
 a - a +2 pair of gloves (worn)
 g - a +2 pair of boots (worn)
 m - a +2 cloak of cold resistance (worn) {rC+}
 p - a cursed +0 buckler (worn)
 u - the +2 hat of the Bear Spirit (worn) {Spirit, +Rage rN+ MR++}
   (You found it in an ice cave)

   It protects you from negative energy.
   It affects your resistance to hostile enchantments.
   It lets you go berserk.
 C - a +1 robe of cold resistance {rC+}
 L - a +0 cloak of magic resistance {MR+}
 M - the +2 animal skin of Dim Light (worn) {rPois rF+ rCorr}
   (You found it on level 1 of the Orcish Mines)

   It protects you from fire.
   It protects you from poison.
   It provides partial protection from all sources of acid and corrosion.
 N - a +0 shield
 R - a +2 helmet
 T - a +0 large shield
 Z - a +2 robe of magic resistance {MR+}
Magical Staves
 G - an uncursed staff of death {rN+}
 H - an uncursed staff of cold {rC+}
 O - an uncursed staff of earth
 P - an uncursed staff of fire (weapon) {rF+}
 Y - an uncursed staff of summoning {!a}
Jewellery
 k - an amulet of magic regeneration (around neck)
 l - a +5 ring of evasion
 q - an uncursed ring of ice {rC+, rF-}
 z - the ring "Xeatonop" (left hand) {Fire rElec Str+6 Int+4}
   (You acquired it on level 4 of the Lair of Beasts)

   [ring of fire]

   It enhances your fire magic.
   It affects your strength (+6).
   It affects your intelligence (+4).
   It protects you from fire.
   It makes you vulnerable to cold.
   It insulates you from electricity.
 F - an uncursed ring of protection from fire
 I - an uncursed ring of protection from cold
 J - a ring of magical power (right hand) {MP+9}
 S - an uncursed ring of see invisible
Wands
 d - a wand of disintegration (18)
 s - a wand of enslavement (4)
 v - a wand of scattershot (2)
 D - a wand of digging (4)
 U - a wand of clouds (6)
 W - a wand of iceblast (28)
 X - a wand of acid (10)
Scrolls
 b - 4 scrolls of enchant weapon
 c - 7 scrolls of amnesia
 e - a scroll of fear
 f - 4 scrolls of fog
 h - 2 scrolls of noise {!r}
 i - 9 scrolls of identify
 j - a scroll of magic mapping {!r}
 n - 6 scrolls of remove curse
 r - 4 scrolls of enchant armour
 t - 11 scrolls of teleportation
 w - 8 scrolls of immolation {!r}
 x - a scroll of vulnerability {!r}
 B - 2 scrolls of blinking {!r}
Miscellaneous
 A - a crystal ball of energy
 E - a lightning rod (4/4)
 V - a fan of gales


   Skills:
 - Level 8.5 Fighting
 - Level 4.9 Armour
 - Level 5.3 Dodging
 - Level 1.5 Stealth
 - Level 7.9 Shields
 - Level 19.2 Spellcasting
 - Level 9.9 Conjurations
 - Level 3.5 Summonings
 + Level 8.7 Necromancy
 - Level 4.0 Translocations
 - Level 10.0 Fire Magic
 - Level 4.0 Earth Magic
 - Level 2.8 Poison Magic


You had 30 spell levels left.
You knew the following spells:

 Your Spells              Type           Power        Failure   Level  Hunger
a - Magic Dart            Conj           ####         1%          1    N/A
b - Blink                 Tloc           N/A          1%          2    N/A
c - Call Imp              Summ           #####...     1%          2    N/A
d - Conjure Flame         Conj/Fire      ########     1%          3    N/A
e - Borgnjor's Vile Clut  Necr/Erth      ######....   3%          5    N/A
f - Fireball              Conj/Fire      ########..   1%          5    N/A
g - Apportation           Tloc           #####.       1%          1    N/A
x - Mephitic Cloud        Conj/Pois/Air  #####...     1%          3    N/A
z - Animate Skeleton      Necr           N/A          1%          1    N/A

Your spell library contained the following spells:

 Spells                   Type           Power        Failure   Level  Hunger
 Confusing Touch          Hex            ####..       1%          1    N/A
 Corona                   Hex            ####...      1%          1    N/A
 Flame Tongue             Conj/Fire      #####        1%          1    N/A
 Pain                     Necr           ####         1%          1    N/A
 Sting                    Conj/Pois      ####         1%          1    N/A
 Summon Butterflies       Summ           #####...     1%          1    N/A
 Summon Small Mammal      Summ           ####         1%          1    N/A
 Poisonous Vapours        Pois/Air       ####..       1%          2    N/A
 Throw Flame              Conj/Fire      ######       1%          2    N/A
 Dazzling Spray           Conj/Hex       ######       1%          3    N/A
 Gell's Gravitas          Tloc           #####.....   1%          3    N/A
 Ignite Poison            Fire/Tmut/Pois #######.     1%          3    N/A
 Inner Flame              Hex/Fire       #######.     1%          3    N/A
 Lesser Beckoning         Tloc           #####.....   1%          3    N/A
 Recall                   Summ/Tloc      N/A          1%          3    N/A
 Vampiric Draining        Necr           #######...   1%          3    N/A
 Animate Dead             Necr           N/A          1%          4    N/A
 Sticky Flame             Conj/Fire      ########     1%          4    N/A
 Ensorcelled Hibernation  Hex/Ice        ####..       2%          2    N/A
 Slow                     Hex            ####....     2%          2    N/A
 Song of Slaying          Chrm           ####....     2%          2    N/A
 Venom Bolt               Conj/Pois      ######....   3%          5    N/A
 Confuse                  Hex            ####....     4%          3    N/A
 Spectral Weapon          Hex/Chrm       ####....     4%          3    N/A
 Tukima's Dance           Hex            ####....     4%          3    N/A
 Olgreb's Toxic Radiance  Pois           #####...     5%          4    N/A
 Iskenderun's Battlesphe  Conj/Chrm      ######..     6%          5    N/A
 Lightning Bolt           Conj/Air       ######....   6%          5    N/A
 Petrify                  Tmut/Erth      #####...     7%          4    N/A
 Death Channel            Necr           #######...   7%          6    N/A
 Alistair's Intoxication  Tmut/Pois      ####....     26%         5    N/A
 Simulacrum               Ice/Necr       ######....   38%         6    N/A
 Metabolic Englaciation   Hex/Ice        ####......   43%         5    N/A
 Yara's Violent Unravell  Hex/Tmut       ####......   43%         5    N/A
 Ring of Flames           Chrm/Fire      #######...   87%         7    N/A
 Invisibility             Hex            ####....     95%         6    N/A
 Regeneration             Chrm/Necr      Unusable     N/A         3    N/A

Dungeon Overview and Level Annotations

Branches:
Dungeon (15/15)            Temple (1/1) D:5            Lair (6/6) D:9
 Shoals (0/4) Lair:2       Spider (2/4) Lair:4        Slime (0/5) Lair:6
    Orc (2/2) D:11            Elf (0/3) Orc:2        Vaults (0/5) D:13
 Depths (0/5) D:15

Altars:
Ashenzari
Cheibriados
Dithmenos
Fedhas
Gozag
Kikubaaqudgha
Makhleb
Okawaru
Ru
Trog
Uskayaw
Xom
Zin
The Shining One

Shops:
Orc:2 ?(%*}   Lair:4 ?*:

Annotations:
D:11 2 transporters, petercordia3's ghost, journeyman DrCj
D:13 1 exclusion


Innate Abilities, Weirdness & Mutations

You do not eat or drink.
Your flesh is vulnerable to fire.
You are immune to poison.
Your flesh is cold resistant. (rC+)
You are immune to negative energy. (rN+++)
You are immune to unholy pain and torment.
You can survive without breathing.
You are in touch with the powers of death.


Message History

Unknown command.
Unknown command.
Unknown command.
Unknown command.
Unknown command.
Unknown command.
Unknown command.
Unknown command.
Unknown command.
Unknown command.
Unknown command.
Unknown command.
Unknown command.
The redback bites you.
* * * LOW MAGIC WARNING * * *;
* * * LOW HITPOINT WARNING * * *
The tarantella bites you but does no damage. x3
The redback closely misses you. The tarantella bites you!
* * * LOW MAGIC WARNING * * *
You die...
Your body crumbles into a pile of gold.

.(.^..........
.............
............
...........
..........
..... ...s.....
.... ##ss...$..
.$. #s@sy..s..
##$$#
#..≈.ss......
.##.≈..
#....≈.........
....$..
.....≈##.......
.....[. ......
#...... ..(....
..#... ......
....... . ...
...... ..>..s.
.... ......
.....#. .....≈≈


You could see a demonic crawler, a hornet, a jumping spider, 4 tarantellas and 2
redbacks.

Levels and vault maps discovered:
D:1:      mrwooster_arrival_statue, layout_loops_ring, minivault_25
D:2:      layout_loops_ring, grunt_gozag_breadcrumbs, uniq_robin, uniq_terence
D:3:      layout_loops_corners, minmay_misc_feat_four_crosses
D:4:      kennysheep_big_flooded_room, layout_loops_corners, first_ration
D:5:      layout_rooms, minmay_temple_entry_statues_fountains, basic_altar,
          kennysheep_generic_room_7
D:6:      layout_cave_pools, basic_altar
D:7:      layout_gridville, uniq_duvessa
D:8:      layout_cave_pools, grunt_livestock, nicolae_tso_swordbearing_angel,
          uniq_harold, uniq_grum
D:9:      minmay_diamond_stairs, layout_loops_ring, lair_entry_dummy,
          uniq_prince_ribbit1, uniq_maurice
D:10:     layout_roguey [special_room_bee], minmay_st_funbox, uniq_fannar
D:11:     layout_small_grid, orc_0_dummy, gammafunk_ghost_arena, uniq_urug,
          uniq_josephine
D:12:     layout_loops_ring, gauntlet_entry_generic, minmay_misc_feat_ornament
D:13:     lemuel_vampire_tower, layout_irregular_city,
          grunt_vaults_entry_fortified
D:14:     layout_basic, minmay_stone_trees_small, hangedman_decor_lopped
D:15:     grunt_enter_depths_snipers, layout_loops_corners,
          ebering_ghost_inner_flame, nicolae_ashenzari_panopticon
Temple:   grunt_wide_crystal_templ
Lair:1:   layout_roguey, portal_ice_cave_entry_imps, uniq_joseph
Lair:2:   layout_loops_ring, minmay_shoals_entry_beasts,
          ebering_ghost_inner_flame, minmay_holes, uniq_gastronok
Lair:3:   layout_cave_pods, nicolae_volcano_entry_s_turn, serial_bayou_shore_a
Lair:4:   layout_roguey, spider_nest_entry_web_field
Lair:5:   layout_long_grid, serial_rivers, chequers_serial_rivers_large_a,
          chequers_serial_rivers_micro_b, chequers_serial_rivers_room_b,
          chequers_serial_rivers_micro_c, chequers_serial_rivers_small_a,
          grunt_forest_stairs_basic, uniq_rupert
Lair:6:   minmay_lair_end_frog_pond, layout_regular_city, slime_dummy,
          gammafunk_ghost_hive, cheibrodos_lair_lostbears, lemuel_fruit_tree
Spider:1: nicolae_spider_mines_1
Spider:2: layout_spider_delve
Orc:1:    layout_caves, basic_altar, gammafunk_ghost_fury_of_okawaru,
          nicolae_orc_rockfall, bloody_trog, uniq_jorgrun
Orc:2:    st_orc_ogre_mass, layout_diamond_mine, serial_shops, shop_statue
IceCv:    ice_cave_small_giant
Volcano:  volcano_lake [vl_original]
Gauntlet: minmay_gauntlet_mixed_big_or_small [gammafunk_gauntlet_arena_corners,
          minmay_gauntlet_arena_77_run_for_it, gammafunk_gauntlet_arena_open,
          minmay_gauntlet_arena_77_double_cross, nicolae_gauntlet_arena_t_cross,
          minmay_gauntlet_arena_77_broken_ladder, gauntlet_exit_watery]

Notes
Turn   | Place    | Note
-------+----------+-------------------------------------------
     0 | D:1      | Redear the Mummy Wizard began the quest for the Orb.
     0 | D:1      | Reached XP level 1. HP: 13/13 MP: 5/5
    48 | D:1      | Reached skill level 1 in Conjurations
   194 | D:1      | Identified a +0 club
   256 | D:1      | Reached XP level 2. HP: 19/19 MP: 4/7
   415 | D:1      | Identified a +0 dagger
   494 | D:1      | Identified a +0 dagger
   588 | D:1      | Identified a +0 club
   844 | D:1      | Reached XP level 3. HP: 15/24 MP: 2/9
   911 | D:1      | Learned a level 2 spell: Blink
   914 | D:1      | Learned a level 2 spell: Call Imp
   918 | D:1      | Learned a level 3 spell: Conjure Flame
   922 | D:1      | Learned a level 3 spell: Mephitic Cloud
   984 | D:2      | Identified a +0 dagger
  1052 | D:2      | Identified a +0 club
  1052 | D:2      | Identified a +0 club
  1052 | D:2      | Identified a +0 hunting sling
  1053 | D:2      | Identified a +0 club
  1056 | D:2      | Identified a +0 dagger
  1057 | D:2      | Identified a +0 club
  1057 | D:2      | Identified a +0 dagger
  1057 | D:2      | Identified a +0 hunting sling
  1059 | D:2      | Identified a +0 spear
  1059 | D:2      | Identified a +0 animal skin
  1059 | D:2      | Identified a +2 helmet
  1059 | D:2      | Noticed Robin
  1184 | D:2      | Reached skill level 2 in Conjurations
  1207 | D:2      | Reached skill level 5 in Spellcasting
  1217 | D:2      | Identified a +0 flail
  1217 | D:2      | Identified a +0 scale mail
  1217 | D:2      | Noticed Terence
  1456 | D:2      | Identified a +0 chain mail
  1483 | D:1      | Killed Robin
  1507 | D:1      | Identified a ring of protection from cold (You found it on
                  | level 1 of the Dungeon)
  1543 | D:2      | Reached XP level 4. HP: 29/30 MP: 2/11
  1562 | D:2      | Killed Terence
  1629 | D:2      | Found an opulent altar of Gozag.
  1638 | D:2      | Became a worshipper of Gozag Ym Sagoz the Greedy
  1731 | D:2      | Identified a +0 club
  1731 | D:2      | Identified a +2 ring of slaying
  1812 | D:2      | Identified a +0 club
  2007 | D:2      | Reached skill level 1 in Summonings
  2089 | D:3      | Identified a +0 whip
  2089 | D:3      | Identified a +0 blowgun
  2102 | D:3      | Identified a +0 halberd
  2102 | D:3      | Identified a +0 spear
  2102 | D:3      | Identified a +0 whip
  2119 | D:3      | Identified a cursed -2 club
  2261 | D:3      | Identified an amulet of magic regeneration (You found it on
                  | level 3 of the Dungeon)
  2262 | D:3      | Identified a ring of positive energy (You found it on level
                  | 2 of the Dungeon)
  2272 | D:3      | Identified a +0 falchion
  2272 | D:3      | Identified a +0 leather armour
  2284 | D:3      | Identified a +0 flail
  2292 | D:3      | Identified a +0 war axe
  2292 | D:3      | Identified a +0 club
  2298 | D:3      | Reached XP level 5. HP: 33/35 MP: 3/12
  2320 | D:3      | Identified a +0 club
  2335 | D:3      | Identified a +0 club
  2396 | D:3      | Identified a ring of evasion (You found it on level 3 of
                  | the Dungeon)
  2473 | D:3      | Identified a +0 club
  2519 | D:3      | Identified a +0 club
  2571 | D:3      | Identified a +0 leather armour
  2576 | D:3      | Reached skill level 1 in Fire Magic
  2576 | D:3      | Reached skill level 1 in Poison Magic
  2638 | D:3      | Identified a +0 spear
  2643 | D:3      | Identified a +0 halberd
  2835 | D:3      | Noticed an ice beast
  2857 | D:3      | Killed an ice beast
  2857 | D:3      | Reached skill level 2 in Summonings
  3180 | D:4      | Reached XP level 6. HP: 41/41 MP: 8/14
  3326 | D:4      | Identified a +0 flail
  3449 | D:4      | Identified a +0 halberd
  3450 | D:4      | Identified a cursed -2 club
  3450 | D:4      | Identified a +0 robe
  3451 | D:4      | Identified a +0 whip
  3456 | D:4      | Identified a +0 whip
  3606 | D:4      | Reached skill level 2 in Fire Magic
  3606 | D:4      | Reached skill level 2 in Poison Magic
  3892 | D:4      | Identified a +0 dagger
  3892 | D:4      | Identified a +0 robe
  3892 | D:4      | Identified a +0 hand axe
  4147 | D:5      | Entered Level 5 of the Dungeon
  4147 | D:5      | Identified a +0 giant club
  4147 | D:5      | Identified a +0 club
  4147 | D:5      | Identified a +0 spear
  4226 | D:5      | Identified a +0 dagger
  4226 | D:5      | Identified a +0 robe
  4226 | D:5      | Identified a +1 flail of draining
  4226 | D:5      | Identified a +0 ring mail
  4228 | D:5      | Identified a +2 leather armour of magic resistance
  4233 | D:5      | Identified a +0 shortbow
  4483 | D:5      | Got a dazzling chain mail
  4493 | D:5      | Identified a +0 shortbow
  4522 | D:5      | Reached XP level 7. HP: 26/46 MP: 0/15
  4569 | D:5      | Identified a +0 dagger
  4569 | D:5      | Identified a cursed -1 robe
  4573 | D:5      | Identified a +0 hand axe
  4573 | D:5      | Identified a +0 chain mail
  4576 | D:5      | Identified a +0 trident
  4578 | D:5      | Reached skill level 3 in Summonings
  4754 | D:5      | Reached skill level 1 in Translocations
  4789 | D:5      | Found a staircase to the Ecumenical Temple.
  4790 | D:5      | Identified a +0 leather armour
  4991 | D:5      | Reached skill level 2 in Translocations
  5083 | D:5      | Identified a cursed +0 scale mail
  5087 | D:5      | Identified a +0 mace
  5087 | D:5      | Identified a +0 leather armour
  5158 | D:5      | Identified a +0 short sword
  5162 | Temple   | Entered the Ecumenical Temple
  5323 | D:5      | Found a shimmering altar of Xom.
  5539 | D:5      | Identified a +0 cloak (You found it on level 5 of the
                  | Dungeon)
  5549 | D:5      | Identified a +0 cloak (You found it on level 4 of the
                  | Dungeon)
  5554 | D:5      | Identified a +0 pair of boots (You found it on level 1 of
                  | the Dungeon)
  5686 | D:6      | Reached skill level 3 in Translocations
  5690 | D:6      | Found a shadowy altar of Dithmenos.
  5742 | D:6      | Identified a +0 giant club
  5748 | D:6      | Reached skill level 4 in Translocations
  5748 | D:6      | Reached XP level 8. HP: 52/52 MP: 5/16
  5752 | D:6      | Identified a cursed +3 falchion
  5752 | D:6      | Identified a +0 robe
  5753 | D:6      | Identified a +3 trident
  5753 | D:6      | Identified a +0 robe
  5793 | D:6      | Identified a +0 battleaxe
  5793 | D:6      | Identified a +0 robe
  5885 | D:5      | Reached skill level 3 in Fire Magic
  5975 | D:6      | Identified a +0 short sword
  5975 | D:6      | Identified a +0 leather armour
  5990 | D:6      | Reached skill level 1 in Fighting
  6037 | D:6      | Identified 9 scrolls of identify
  6037 | D:6      | Identified 5 scrolls of enchant armour
  6038 | D:6      | Identified 6 scrolls of teleportation
  6039 | D:6      | Identified a scroll of random uselessness
  6040 | D:6      | Identified a scroll of enchant weapon
  6041 | D:6      | Identified a scroll of amnesia
  6042 | D:6      | Identified a scroll of remove curse
  6043 | D:6      | Identified a scroll of fear
  6168 | D:6      | Identified a +0 quarterstaff
  6168 | D:6      | Identified a +0 robe
  6168 | D:6      | Identified a +0 flail
  6168 | D:6      | Identified a +0 leather armour
  6168 | D:6      | Identified a +0 dagger
  6662 | D:7      | Identified a +0 whip
  6665 | D:7      | Identified a +0 short sword
  6668 | D:7      | Identified a +0 short sword
  6670 | D:7      | Identified a +0 short sword
  6670 | D:7      | Identified a +0 leather armour
  6670 | D:7      | Noticed Duvessa
  6671 | D:7      | Identified a +0 dagger of venom
  6671 | D:7      | Identified a cursed +0 robe
  6671 | D:7      | Noticed Dowan
  6715 | D:7      | Identified a cursed +0 halberd
  6715 | D:7      | Identified a +0 robe
  6715 | D:7      | Identified a +0 falchion
  6715 | D:7      | Identified a +0 robe
  6715 | D:7      | Identified a +0 war axe
  6715 | D:7      | Identified a +0 leather armour
  6715 | D:7      | Identified a +0 flail
  6715 | D:7      | Identified a +4 spear
  6715 | D:7      | Identified a cursed +0 robe
  6758 | D:7      | Identified a +3 battleaxe
  6758 | D:7      | Identified a +0 robe
  6922 | D:7      | Reached skill level 3 in Conjurations
  6979 | D:7      | Identified a +0 long sword
  6979 | D:7      | Identified a +0 robe
  6979 | D:7      | Identified a +0 trident
  6979 | D:7      | Identified a +0 robe
  7047 | D:7      | Reached skill level 6 in Spellcasting
  7075 | D:7      | Identified a +0 glaive
  7075 | D:7      | Identified a +0 plate armour
  7076 | D:7      | Identified a +0 falchion
  7076 | D:7      | Identified a +0 scale mail
  7078 | D:7      | Identified a +0 chain mail
  7290 | D:7      | Identified a cursed +0 spear
  7290 | D:7      | Identified a +0 robe
  7290 | D:7      | Identified a +0 short sword
  7290 | D:7      | Identified a +0 robe
  7290 | D:7      | Identified a +0 halberd
  7290 | D:7      | Identified a +0 robe
  7391 | D:7      | Identified a +4 dagger
  7408 | D:7      | Identified a cursed +0 flail
  7408 | D:7      | Identified a +0 robe
  7443 | D:6      | Reached skill level 7 in Spellcasting
  7596 | D:7      | Identified a cursed +3 falchion
  7596 | D:7      | Identified a +0 robe
  7694 | D:7      | Reached skill level 8 in Spellcasting
  7782 | D:6      | Identified a scroll of immolation
  7786 | D:6      | Identified an amulet of rage (You found it on level 6 of
                  | the Dungeon)
  7795 | D:6      | Identified a ring of intelligence (You found it on level 5
                  | of the Dungeon)
  7954 | D:7      | Identified a +0 giant club
  7965 | D:7      | Identified a +0 shortbow
  8129 | D:7      | Reached skill level 9 in Spellcasting
  8129 | D:7      | Reached XP level 9. HP: 39/61 MP: 9/22
  8221 | D:7      | Identified a +0 pair of gloves (You found it on level 7 of
                  | the Dungeon)
  8260 | D:7      | Redear: @??dowan
  8260 | D:7      | beem: Dowan (e)
                  | Spd:
    10 | HD: 3    | HP: 20-28
                  | AC/EV: 2/13
                  | | Dam: 5
                  | weapons, items, doors, spellcaster
                  | Res:
                  | magic(20)
                  | XP: 68
                  | Sp: throw flame (3d5), throw frost
                  | (3d5), blink, corona, haste other
                  | Sz: Medium
                  | Int:
                  | human.
  8280 | D:7      | Killed Dowan
  8437 | D:7      | Identified a +0 shortbow
  8682 | D:7      | Killed Duvessa
  8894 | D:8      | Identified a +0 spear
  8894 | D:8      | Identified a +1 animal skin
  8894 | D:8      | Noticed Grum
  8908 | D:8      | Reached skill level 10 in Spellcasting
  9031 | D:8      | Identified a +0 giant spiked club
  9051 | D:8      | Reached skill level 1 in Armour
  9051 | D:8      | Reached skill level 2 in Dodging
  9108 | D:8      | Identified a +0 club
  9108 | D:8      | Identified a +0 shortbow
  9110 | D:8      | Identified a +0 whip
  9110 | D:8      | Identified a +0 flail
  9110 | D:8      | Identified a +0 leather armour
  9112 | D:8      | Identified a +0 leather armour
  9151 | D:8      | Identified a +0 long sword
  9151 | D:8      | Identified a +0 scale mail
  9151 | D:8      | Noticed Harold
  9325 | D:9      | Identified a +0 shortbow
  9352 | D:9      | Identified a +0 dagger
  9352 | D:9      | Identified a cursed -2 cloak
  9352 | D:9      | Noticed Maurice
  9353 | D:9      | Reached skill level 2 in Armour
  9642 | D:9      | Reached skill level 3 in Dodging
  9873 | D:9      | Identified a +0 long sword
  9919 | D:9      | Killed Maurice
  9919 | D:9      | Reached skill level 3 in Armour
  9943 | D:9      | Identified a +0 shortbow
 10078 | D:9      | Found a staircase to the Lair.
 10338 | D:8      | Reached skill level 4 in Dodging
 10401 | D:8      | HP: 13/61 [Harold/harpoon shot (13)]
 10403 | D:8      | Redear: @??they suck your life energy in the vitality drain
                  | that status appears and skills that is pumped is reduced
                  | there is a percentage what is no longer beating the more
                  | they reduced that is, as
 10403 | D:8      | beem: unknown monster: "they suck your life energy in the
                  | vitality drain that status appears and skills that is
                  | pumped is reduced there is a percentage what is no longer
                  | beating the more they reduced that is, as"
 10403 | D:8      | Redear: @??harold
 10403 | D:8      | beem: Harold (@)
                  | Spd:
    10 | HD: 9    | HP: 63-91
                  | AC/EV: 7/6
                  | | Dam: 20
                  | weapons, items, doors, fighter, spellcaster
                  | | Res: magic(60)
                  | XP: 992
                  | Sp: harpoon shot (2d12),
                  | sentinel's mark
                  | Sz: Medium
                  | Int: human.
 10405 | D:8      | Killed Harold
 10405 | D:8      | Reached skill level 4 in Armour
 10405 | D:8      | Reached XP level 10. HP: 44/67 MP: 0/24
 10512 | D:8      | Killed Grum
 10641 | D:8      | Identified the Guide on Lucky Poison
 10942 | D:8      | Found a glowing golden altar of the Shining One.
 11102 | D:8      | Identified a +0 hand axe
 11102 | D:8      | Identified a +0 animal skin
 11151 | D:8      | Reached skill level 5 in Dodging
 11241 | D:10     | Entered Level 10 of the Dungeon
 11248 | D:10     | Identified a cursed +0 whip
 11250 | D:10     | Identified a +0 war axe
 11250 | D:10     | Identified a +0 leather armour
 11254 | D:10     | Identified a +0 flail
 11256 | D:10     | Identified a +0 dagger
 11256 | D:10     | Identified a +0 robe
 11348 | D:10     | Identified a +0 quarterstaff of freezing
 11348 | D:10     | Identified a +1 robe of cold resistance
 11348 | D:10     | Identified an uncursed ring of ice
 11348 | D:10     | Noticed Fannar
 11351 | D:10     | Identified a scroll of noise
 11352 | D:10     | Identified a scroll of blinking
 11353 | D:10     | Identified a scroll of silence
 11555 | D:10     | Reached skill level 2 in Fighting
 11779 | D:10     | Reached skill level 3 in Fighting
 11848 | D:10     | Reached skill level 4 in Fighting
 11882 | D:10     | Found a runed translucent door.
 11886 | D:10     | Noticed a cyclops
 12167 | D:9      | Identified a +0 giant spiked club
 12167 | D:9      | Identified a +0 giant club
 12167 | D:9      | Noticed a two-headed ogre
 12170 | D:9      | Noticed Prince Ribbit
 12170 | D:9      | Identified a cursed +2 dagger of freezing
 12170 | D:9      | Identified a +0 robe
 12170 | D:9      | Identified a +0 battleaxe
 12170 | D:9      | Identified a +0 robe
 12170 | D:9      | Identified a +2 long sword
 12170 | D:9      | Identified a +0 robe
 12177 | D:9      | Identified a +3 battleaxe of freezing
 12177 | D:9      | Identified a +0 robe
 12190 | D:9      | Killed Prince Ribbit
 12190 | D:9      | Reached skill level 5 in Fighting
 12260 | D:11     | Identified a +2 broad axe of freezing
 12260 | D:11     | Identified a +0 ring mail
 12260 | D:11     | Noticed Urug
 12490 | D:11     | Noticed a stone giant
 12491 | D:11     | Found a transporter.
 12491 | D:11     | Found a transporter.
 12491 | D:11     | Noticed petercordia3's ghost (journeyman DrCj)
 12491 | D:11     | Identified a +0 dagger of electrocution
 12494 | D:11     | Noticed a cyclops
 12504 | D:11     | Noticed a purple ugly thing
 12586 | D:11     | Noticed a manticore
 12612 | D:11     | Killed a manticore
 12612 | D:11     | Reached skill level 6 in Fighting
 12617 | D:11     | Identified a +0 long sword
 12617 | D:11     | Identified a +0 plate armour
 12622 | D:11     | Identified a +0 hand axe
 12625 | D:11     | Identified a +0 flail
 12627 | D:11     | Found a staircase to the Orcish Mines.
 12635 | D:11     | Identified a +0 hand axe
 12718 | D:11     | Reached skill level 11 in Spellcasting
 12867 | D:11     | Identified a +0 short sword
 12867 | D:11     | Identified a cursed +0 hand axe
 12867 | D:11     | Identified a +1 dagger of speed
 12867 | D:11     | Identified a +0 robe
 12867 | D:11     | Identified a +0 dagger
 12867 | D:11     | Identified a +0 short sword
 12867 | D:11     | Identified a +0 whip
 12887 | D:11     | Identified a +0 club
 13118 | D:11     | Identified a +0 chain mail
 13157 | D:11     | Identified a +1 dagger of protection
 13157 | D:11     | Identified a +0 robe
 13157 | D:11     | Noticed Josephine
 13311 | D:10     | Identified a +0 leather armour
 13311 | D:10     | Identified a +0 flail
 13311 | D:10     | Identified a +0 leather armour
 13311 | D:10     | Identified a +0 dagger
 13311 | D:10     | Identified a +0 dagger
 13311 | D:10     | Identified a cursed +0 robe
 13313 | D:10     | Identified a +0 war axe
 13360 | D:10     | Reached XP level 11. HP: 81/83 MP: 2/26
 13409 | D:10     | Reached skill level 4 in Fire Magic
 13474 | D:10     | Learned a level 1 spell: Apportation
 13476 | D:10     | Learned a level 1 spell: Animate Skeleton
 13636 | D:10     | Killed Fannar
 13636 | D:10     | Reached skill level 4 in Conjurations
 13763 | D:10     | Killed a two-headed ogre
 14078 | D:11     | Killed Urug
 14078 | D:11     | Reached skill level 5 in Conjurations
 14078 | D:11     | Reached skill level 5 in Fire Magic
 14492 | D:12     | Identified a +0 morningstar
 14492 | D:12     | Identified a +0 ring mail
 14492 | D:12     | Identified a +0 ring mail
 14492 | D:12     | Identified a +0 dagger
 14492 | D:12     | Identified a +0 robe
 14633 | D:12     | Identified 2 scrolls of fog
 14643 | D:12     | Found a gate leading to a gauntlet.
 14667 | Gauntlet | Entered a Gauntlet
 14667 | Gauntlet | Found a transporter.
 14667 | Gauntlet | Found a transporter.
 14667 | Gauntlet | Found a transporter.
 14667 | Gauntlet | Found a runed translucent gate.
 14667 | Gauntlet | Identified a +0 dagger
 14667 | Gauntlet | Identified a +0 robe
 14667 | Gauntlet | Noticed a wizard
 14668 | Gauntlet | Found a transporter.
 14669 | Gauntlet | Found a transporter.
 14670 | Gauntlet | Found a runed translucent gate.
 14671 | Gauntlet | Found a runed translucent gate.
 14672 | Gauntlet | Found a transporter.
 14673 | Gauntlet | Identified a +0 great mace
 14673 | Gauntlet | Identified a +0 ring mail
 14673 | Gauntlet | Noticed a tengu warrior
 14678 | Gauntlet | Found a transporter.
 14681 | Gauntlet | Found a transporter.
 14683 | Gauntlet | Found a transporter.
 14683 | Gauntlet | Found a transporter.
 14687 | Gauntlet | Identified a +0 dagger
 14687 | Gauntlet | Identified a +0 robe
 14687 | Gauntlet | Noticed a wizard
 14688 | Gauntlet | Identified a +0 dagger
 14688 | Gauntlet | Identified a +0 robe
 14688 | Gauntlet | Noticed a wizard
 14689 | Gauntlet | Noticed a wolf spider
 14691 | Gauntlet | Found a transporter.
 14691 | Gauntlet | Found a transporter.
 15397 | Gauntlet | Killed a wizard
 15397 | Gauntlet | Reached skill level 6 in Fire Magic
 15401 | Gauntlet | Killed a wizard
 15401 | Gauntlet | Reached skill level 6 in Conjurations
 15474 | Gauntlet | Identified a +0 plate armour
 15474 | Gauntlet | Noticed a minotaur
 15502 | Gauntlet | HP: 9/83 [minotaur/javelin of returning (28)]
 15507 | D:12     | Identified a ring of see invisible (You found it in a
                  | Gauntlet)
 15509 | D:12     | Identified a ring of magical power (You found it in a
                  | Gauntlet)
 15515 | D:12     | Identified a scroll of acquirement
 15517 | D:12     | Got a crude steel ring
 15518 | D:12     | Identified the ring "Fih Noh" {*Corrode rPois MR+ Str+2}
                  | (You acquired it on level 12 of the Dungeon)
 15835 | D:12     | Learned a level 5 spell: Fireball
 15856 | D:12     | Noticed an unseen horror
 15873 | D:12     | Noticed a five-headed hydra
 15945 | D:12     | Killed a five-headed hydra
 15992 | D:12     | Killed an unseen horror
 16103 | D:12     | Noticed a brown ugly thing
 16469 | D:12     | Killed a brown ugly thing
 16818 | D:13     | Identified a +0 long sword
 16818 | D:13     | Identified a +0 buckler
 16818 | D:13     | Noticed a deep elf knight
 16818 | D:13     | Identified a +0 war axe
 16818 | D:13     | Identified a +0 chain mail
 16818 | D:13     | Noticed a vault guard
 16818 | D:13     | Identified a +3 glaive
 16818 | D:13     | Identified a +0 plate armour
 16818 | D:13     | Noticed an orc knight
 16818 | D:13     | Identified a +0 short sword
 16818 | D:13     | Identified a +0 shortbow of velocity
 16818 | D:13     | Noticed a deep elf knight
 16857 | D:13     | Identified a +0 dagger
 16857 | D:13     | Noticed a deep elf mage
 16860 | D:13     | Killed a deep elf mage
 16860 | D:13     | Reached skill level 7 in Fire Magic
 16865 | D:13     | Identified a +0 morningstar
 16867 | D:13     | Identified a +0 dagger
 16867 | D:13     | Identified a +0 chain mail
 16871 | D:13     | Identified a +0 short sword
 16873 | D:13     | Identified a +0 giant spiked club
 16873 | D:13     | Identified a +0 club
 16873 | D:13     | Identified a +0 leather armour
 16941 | D:13     | Identified a +0 giant club
 16987 | D:13     | Identified a cursed +3 battleaxe
 16987 | D:13     | Identified a +0 robe
 16989 | D:13     | Identified a +0 whip
 16989 | D:13     | Identified a +0 blowgun
 16990 | D:13     | Identified a +2 mace of draining
 16990 | D:13     | Identified a +0 robe
 16990 | D:13     | Identified a +0 trident
 16990 | D:13     | Identified a +0 robe
 16990 | D:13     | Identified a +0 club
 16991 | D:13     | Identified a +0 dagger
 16991 | D:13     | Identified a cursed +0 robe
 16992 | D:13     | Reached XP level 12. HP: 81/89 MP: 17/27
 16993 | D:13     | Identified a +0 short sword
 16993 | D:13     | Identified a cursed +3 mace
 16993 | D:13     | Identified a +0 robe
 16994 | D:13     | Reached skill level 7 in Conjurations
 16995 | D:13     | Identified a +2 short sword of freezing
 17419 | D:13     | Identified a +0 great mace
 17419 | D:13     | Identified a +0 chain mail
 17419 | D:13     | Noticed a death knight
 17429 | D:13     | Identified a +0 scimitar
 17453 | D:12     | Redear: 1 sec
 17453 | D:12     | Redear: ку
 17518 | D:12     | iamserjio: sup
 17518 | D:12     | Redear: и че с ним делать
 17518 | D:12     | iamserjio: сложная комба
 17524 | D:12     | iamserjio: скипай
 17537 | D:12     | iamserjio: или веди до глубокой воды и тачем конфузь
 17538 | D:12     | iamserjio: чтобы он утонул
 17554 | D:12     | iamserjio: ас сного дарт не пробьет
 17789 | D:12     | iamserjio: посох же был
 17792 | D:12     | Killed a death knight
 17793 | D:12     | Redear: pf,sk
 17793 | D:12     | Redear: забыл
 17793 | D:12     | Redear: я первый раз за мага играю чистого
 17793 | D:12     | Redear: первый раз качнул в жизни фаер бол
 17812 | D:12     | iamserjio: damn
 17861 | D:13     | iamserjio: конжур флейм абузь, этот спелл лучше фаерболла
 17861 | D:13     | iamserjio: в данже и леире
 17861 | D:13     | Redear: забываю о нем постоянно
 17868 | D:13     | iamserjio: дешевый и врона очень много
 17875 | D:13     | iamserjio: за фе только им и проходил леир без фб
 17917 | D:13     | iamserjio: этих утопить легко tho
 17995 | D:13     | Reached skill level 8 in Fire Magic
 18119 | D:12     | Reached skill level 8 in Conjurations
 18128 | D:12     | iamserjio: ставь стенку и стой терпи
 18220 | D:13     | iamserjio: если убегать то урона то от стены пользы мало
 18222 | D:12     | iamserjio: ваа что я пишу
 18232 | D:12     | Redear: облако сумируется?
 18232 | D:12     | Redear: урон?
 18244 | D:12     | iamserjio: каждый ход урон наносит
 18453 | D:13     | iamserjio: палку облака направо
 18453 | D:13     | iamserjio: и фб потом
 18454 | D:13     | Redear: фб это что
 18454 | D:13     | iamserjio: fire ball
 18454 | D:13     | Redear: фб не катит
 18454 | D:13     | iamserjio: wut
 18454 | D:13     | iamserjio: 3 фб
 18454 | D:13     | iamserjio: что останется палками добьешь
 18455 | D:13     | iamserjio: с 16 ас эти черепа не дамажат
 18455 | D:13     | Redear: мб дизентеграция
 18455 | D:13     | Redear: фаер болт на себя что ли
 18455 | D:13     | Redear: я ж умру
 18456 | D:13     | iamserjio: так переставил бы
 18456 | D:13     | iamserjio: прицел лол
 18456 | D:13     | Redear: у меня кстати облако есть
 18456 | D:13     | iamserjio: сейчас уже не получится
 18456 | D:13     | Redear: мефическое
 18456 | D:13     | iamserjio: а до этого когда я говорил фб
 18456 | D:13     | iamserjio: там просто прицел передвинуть надо было
 18456 | D:13     | Redear: отходил
 18456 | D:13     | Redear: @??brown ugly thing
 18456 | D:13     | beem: brown ugly thing (u)
                  | Spd: 10 (move: 90%)
                  | HD: 12
                  | | HP: 54-79
                  | AC/EV: 4/10
                  | Dam: 17(acid:7d3)
                  | doors
                  | Res:
                  | magic(40), acid
                  | Vul: silver
                  | Chunks: noxious
                  | XP: 554
                  | | Sz: Medium
                  | Int: animal.
 18456 | D:13     | iamserjio: оно или от облака умирает или от палки
                  | дезинтеграции
 18456 | D:13     | iamserjio: или от фб ofc когда дистанция есть
 18776 | D:12     | HP: 22/89 [flying skull (7)]
 19100 | D:13     | Identified a +0 short sword
 19101 | D:13     | Identified a +0 dagger
 19101 | D:13     | Identified a +0 robe
 19109 | D:13     | Identified a +0 club
 19109 | D:13     | Identified a +0 ring mail
 19111 | D:13     | Identified a +0 hand axe
 19111 | D:13     | Identified a +0 chain mail
 19198 | D:13     | iamserjio: просто фб кидал бы, импы тольк чтобы свапнуться
                  | и убежать годятся на этой глубине
 19213 | D:13     | iamserjio: прицел фб передвигай
 19244 | D:13     | Identified a +0 shortbow
 19244 | D:13     | Noticed a centaur warrior
 19251 | D:13     | iamserjio: ты иногда можешь по двум попасть и не видишь
                  | этого
 19260 | D:13     | Killed a centaur warrior
 19424 | D:13     | iamserjio: когда мобы вплотную стоят фб тоже можно кидать
                  | tho
 19512 | D:13     | You fall through a shaft!
 19568 | D:13     | iamserjio: меф облаком можно топить тех что у глубокой воды
                  | стоят
 19568 | D:13     | iamserjio: оно и на эльфа этого норм
 19570 | D:13     | Reached skill level 9 in Fire Magic
 19585 | D:13     | Identified a +0 long sword
 19585 | D:13     | Identified a +0 plate armour
 19585 | D:13     | Identified a +0 shield
 19585 | D:13     | Noticed a vault guard
 19588 | D:13     | Identified a +3 dagger
 19588 | D:13     | Identified a +0 arbalest
 19588 | D:13     | Identified a +0 ring mail
 19609 | D:13     | Killed a vault guard
 19609 | D:13     | Reached skill level 9 in Conjurations
 19647 | D:13     | Identified a +0 dagger
 19647 | D:13     | Identified a +0 robe
 19656 | D:13     | iamserjio: !ac 6
 19656 | D:13     | beem: 3.67 armour skill per 1 AC for 6 base AC
 19787 | D:13     | Redear: пойду я
 19787 | D:13     | Redear: давай
 19787 | D:13     | iamserjio: cya
 19787 | D:13     | Redear: bb
 19885 | D:13     | Reached skill level 12 in Spellcasting
 19936 | D:13     | Killed a vault guard
 19936 | D:13     | Gained mutation: You are in touch with the powers of death.
                  | [Mummy growth]
 19936 | D:13     | Reached XP level 13. HP: 94/94 MP: 3/29
 20106 | D:13     | Found a gate to the Vaults.
 20106 | D:13     | Identified a +1 long sword
 20106 | D:13     | Identified a +0 plate armour
 20106 | D:13     | Identified a +0 battleaxe
 20106 | D:13     | Identified a cursed +0 chain mail
 20359 | D:12     | Reached skill level 13 in Spellcasting
 20384 | D:13     | Identified a +0 robe
 20506 | D:13     | Identified a +0 robe
 20742 | D:13     | Found an ancient bone altar of Kikubaaqudgha.
 20743 | D:13     | Identified a +2 war axe
 20743 | D:13     | Identified a +0 plate armour
 20743 | D:13     | Noticed a vampire knight
 20760 | D:13     | HP: 21/94 [vampire knight/+2 war axe (7)]
 21158 | D:13     | Identified a +1 glaive of venom
 21158 | D:13     | Identified the +6 hunting sling "Giant's Doom" {freeze, rF+
                  | rN++}
 21159 | D:13     | Upgraded the game from 0.24-a0-208-g17bec22d17 to
                  | 0.24-a0-217-g1152973720
 21294 | D:14     | Identified a cursed -1 dagger
 21294 | D:14     | Identified a +0 robe
 21357 | D:14     | Identified a ring of protection from fire (You found it on
                  | level 14 of the Dungeon)
 21432 | D:14     | Identified a +0 great sword
 21432 | D:14     | Identified a +0 leather armour
 21436 | D:14     | Reached skill level 14 in Spellcasting
 21436 | D:14     | Identified a +0 mace
 21449 | D:14     | Identified a +1 scimitar of flaming
 21659 | D:14     | Found the macabre finger necklace {rN+}
 22221 | D:15     | Entered Level 15 of the Dungeon
 22223 | D:15     | Identified a +0 dagger
 22223 | D:15     | Identified a +0 chain mail
 22321 | D:15     | Reached skill level 15 in Spellcasting
 22489 | D:15     | Found a runed translucent door.
 22489 | D:15     | Noticed Ciugracu's ghost (weakling FoFi)
 22490 | D:15     | Identified a +0 shortbow
 22659 | D:15     | Identified a +0 short sword
 22659 | D:15     | Identified a +0 robe
 22661 | D:15     | Identified a cursed +0 falchion
 22661 | D:15     | Identified a cursed -1 robe
 22690 | D:15     | Identified a cursed +2 dire flail of protection
 22690 | D:15     | Identified a +0 robe
 22703 | D:15     | Identified a +3 hand axe
 22703 | D:15     | Identified a +0 robe
 22712 | D:15     | Identified a +0 short sword
 22829 | D:15     | Identified a +0 club
 22829 | D:15     | Identified a +0 ring mail
 22830 | D:15     | Identified a +0 hand axe
 22830 | D:15     | Identified a +0 chain mail
 22831 | D:15     | Identified a +0 dagger
 22831 | D:15     | Identified a +0 robe
 22886 | D:15     | Identified a +0 battleaxe
 22888 | D:15     | Reached skill level 1 in Necromancy
 22898 | D:15     | Identified a +0 broad axe
 22925 | D:15     | Identified a +0 scimitar
 22933 | D:15     | Reached skill level 2 in Necromancy
 22935 | D:15     | Reached skill level 3 in Necromancy
 23033 | D:15     | Identified a +0 giant spiked club
 23033 | D:15     | Identified a +0 giant spiked club
 23037 | D:15     | Identified a +0 giant spiked club
 23040 | D:15     | Identified a +0 giant club
 23040 | D:15     | Identified a +0 giant spiked club
 23041 | D:15     | Identified a +0 great mace
 23041 | D:15     | Identified a +0 leather armour
 23043 | D:15     | Identified a +0 shortbow
 23045 | D:15     | Identified a +0 club
 23045 | D:15     | Identified a +0 robe
 23189 | D:15     | Reached skill level 4 in Necromancy
 23268 | D:15     | Identified a cursed +0 short sword
 23268 | D:15     | Identified a +0 robe
 23276 | D:15     | Identified a +0 short sword
 23276 | D:15     | Identified a +0 robe
 23276 | D:15     | Identified a +0 war axe
 23276 | D:15     | Identified a +0 robe
 23283 | D:15     | Found a shattered altar of Ashenzari.
 23357 | D:15     | Identified a +0 shortbow
 23505 | D:15     | Reached skill level 5 in Necromancy
 23574 | D:15     | Identified a +0 giant club
 23574 | D:15     | Identified a +0 giant spiked club
 23575 | D:15     | Identified a +0 giant spiked club
 23597 | D:15     | HP: 16/94 [two-headed ogre/+0 giant club (20)]
 23914 | D:15     | Reached skill level 6 in Necromancy
 23915 | D:15     | Reached XP level 14. HP: 101/101 MP: 13/33
 24202 | D:15     | Found a staircase to the Depths.
 24202 | D:15     | Identified a +1 battleaxe of freezing
 24202 | D:15     | Noticed a frost giant
 24203 | D:15     | Identified a +0 shortbow
 24207 | D:15     | Killed a frost giant
 24207 | D:15     | Reached skill level 7 in Necromancy
 24314 | D:15     | Killed Ciugracu's ghost
 24494 | D:11     | Killed Josephine
 24624 | Orc:1    | Entered Level 1 of the Orcish Mines
 24624 | Orc:1    | Identified a +0 glaive
 24624 | Orc:1    | Identified a +0 chain mail
 24624 | Orc:1    | Identified a +1 vampiric dagger
 24624 | Orc:1    | Identified a +0 robe
 24624 | Orc:1    | Identified a +0 short sword
 24624 | Orc:1    | Identified a +0 scale mail
 24624 | Orc:1    | Identified a +0 club
 24624 | Orc:1    | Identified a +0 dagger
 24624 | Orc:1    | Identified a +2 robe of magic resistance
 24625 | Orc:1    | Identified a +0 ring mail
 24626 | Orc:1    | Reached skill level 8 in Necromancy
 24626 | Orc:1    | Paralysed by an orc sorcerer for 4 turns
 24629 | Orc:1    | Identified a +0 trident
 24629 | Orc:1    | Identified a +0 chain mail
 24631 | Orc:1    | Identified a +0 war axe
 24635 | Orc:1    | Identified a +0 flail
 24635 | Orc:1    | Identified a +0 leather armour
 24813 | Orc:1    | Found a runed translucent gate.
 24813 | Orc:1    | Found a runed translucent gate.
 24813 | Orc:1    | Found a runed translucent gate.
 24817 | Orc:1    | Identified a +0 vampiric spear
 24817 | Orc:1    | Identified a +0 leather armour
 24817 | Orc:1    | Identified a +0 war axe
 24817 | Orc:1    | Identified a +0 plate armour
 24821 | Orc:1    | Identified a +0 dagger
 24821 | Orc:1    | Identified a +0 shortbow
 24821 | Orc:1    | Identified a +0 leather armour
 24821 | Orc:1    | Noticed xoxolimbo's ghost (journeyman DsFE)
 24822 | Orc:1    | Identified a +0 battleaxe
 24822 | Orc:1    | Identified a +0 chain mail
 24823 | Orc:1    | Identified a +0 long sword
 24823 | Orc:1    | Identified a +0 chain mail
 24826 | Orc:1    | Found an iron altar of Okawaru.
 24872 | Orc:2    | Entered Level 2 of the Orcish Mines
 24940 | Orc:2    | Found a staircase to the Elven Halls.
 25019 | Orc:2    | Identified a +0 giant club
 25210 | Orc:2    | Identified a +0 giant club
 25210 | Orc:2    | Identified a +0 dagger
 25210 | Orc:2    | Identified a +1 robe of positive energy
 25231 | Orc:2    | Identified a +0 hand axe
 25231 | Orc:2    | Identified a +0 plate armour
 25231 | Orc:2    | Identified a +0 dagger
 25231 | Orc:2    | Identified a cursed +0 robe
 25235 | Orc:2    | Identified a +0 hand axe
 25235 | Orc:2    | Identified a +0 hand axe
 25243 | Orc:2    | Identified a +0 flail
 25243 | Orc:2    | Identified a +0 plate armour
 25244 | Orc:2    | Identified a +0 flail
 25255 | Orc:2    | Identified a +0 trident
 25413 | Orc:2    | Found Ekojukk's Magic Scroll Emporium.
 25422 | Orc:2    | Bought 3 scrolls of enchant armour for 270 gold pieces
 25422 | Orc:2    | Bought a scroll of acquirement for 624 gold pieces
 25422 | Orc:2    | Bought a scroll of teleportation for 36 gold pieces
 25422 | Orc:2    | Bought a scroll of teleportation for 36 gold pieces
 25422 | Orc:2    | Bought a scroll of immolation for 42 gold pieces
 25422 | Orc:2    | Bought a scroll of immolation for 42 gold pieces
 25422 | Orc:2    | Bought a scroll of immolation for 42 gold pieces
 25436 | Orc:2    | Got a heavily runed steel ring
 25437 | Orc:2    | Identified the ring "Duelil" {rElec rC- rN++ Int+4 Dex+6}
                  | (You acquired it on level 2 of the Orcish Mines)
 25438 | Orc:2    | Identified the +7 chain mail "Ytetussu" {rElec rN+} (You
                  | found it on level 5 of the Dungeon)
 25446 | Orc:2    | Identified a +4 long sword of freezing (You found it in a
                  | Gauntlet)
 25447 | Orc:2    | Identified a +2 rapier of draining (You found it on level
                  | 12 of the Dungeon)
 25530 | Orc:2    | Identified a +0 falchion
 25531 | Orc:2    | Identified a +0 flail
 25531 | Orc:2    | Identified a +0 ring mail
 25531 | Orc:2    | Identified a +0 dire flail
 25531 | Orc:2    | Identified a +0 chain mail
 25544 | Orc:2    | Identified a +0 dagger
 25547 | Orc:2    | Identified a +0 hand axe
 25547 | Orc:2    | Identified a +0 leather armour
 25547 | Orc:2    | Identified a +1 flail of protection
 25547 | Orc:2    | Identified a +0 chain mail
 25550 | Orc:2    | Identified a +0 short sword
 25553 | Orc:2    | Identified a +0 war axe
 25705 | Orc:2    | Identified a +0 giant spiked club
 25705 | Orc:2    | Identified a +0 giant club
 25706 | Orc:2    | Identified a +0 giant club
 25706 | Orc:2    | Identified a +0 giant club
 25706 | Orc:2    | Identified a +0 giant spiked club
 25707 | Orc:2    | Identified a +0 giant spiked club
 25707 | Orc:2    | Identified a +0 dire flail
 25707 | Orc:2    | Identified a +0 halberd
 25707 | Orc:2    | Identified a +0 robe
 25707 | Orc:2    | Identified a +0 giant club
 25707 | Orc:2    | Identified a +0 dire flail
 25708 | Orc:2    | Identified a +0 giant spiked club
 25708 | Orc:2    | Identified a +0 giant club
 25708 | Orc:2    | Identified a +0 giant club
 25708 | Orc:2    | Identified a +0 whip
 25708 | Orc:2    | Identified a +0 robe
 25709 | Orc:2    | Identified a +0 giant spiked club
 25710 | Orc:2    | Identified a +0 giant club
 25711 | Orc:2    | Identified a cursed +0 giant club
 25711 | Orc:2    | Identified a +0 giant spiked club
 25712 | Orc:2    | Reached skill level 1 in Shields
 25712 | Orc:2    | Identified a +0 giant spiked club
 25712 | Orc:2    | Identified a +0 giant club
 25712 | Orc:2    | Identified a +0 halberd
 25712 | Orc:2    | Identified a +0 robe
 25713 | Orc:2    | Identified a +0 giant club
 25713 | Orc:2    | Identified a +0 giant club
 25713 | Orc:2    | Reached skill level 7 in Fighting
 25714 | Orc:2    | Identified a +0 giant club
 25714 | Orc:2    | Identified a +0 giant club
 25715 | Orc:2    | Identified a +0 giant club
 25716 | Orc:2    | Reached skill level 2 in Shields
 25716 | Orc:2    | Identified a cursed -1 giant spiked club
 25717 | Orc:2    | Identified a +0 giant club
 25718 | Orc:2    | Identified a +0 whip
 25718 | Orc:2    | Identified a +0 robe
 25718 | Orc:2    | Identified a +0 giant club
 25719 | Orc:2    | Identified a +0 giant spiked club
 25724 | Orc:2    | Identified a +0 giant spiked club
 25724 | Orc:2    | Identified a +0 giant club
 25937 | Orc:2    | Reached skill level 3 in Shields
 25947 | Orc:2    | Reached skill level 8 in Fighting
 25947 | Orc:2    | Identified a +0 giant club
 25949 | Orc:2    | Identified a +0 giant spiked club
 25950 | Orc:2    | Identified a +0 giant club
 25950 | Orc:2    | Identified a +0 giant spiked club
 25953 | Orc:2    | Identified a +0 giant club
 25953 | Orc:2    | Identified a cursed -1 giant club
 26094 | Orc:2    | Identified a +0 giant club
 26094 | Orc:2    | Identified a +0 giant club
 26103 | Orc:2    | Identified a +0 giant club
 26252 | Orc:2    | Identified a +0 giant club
 26262 | Orc:2    | Identified a +0 giant club
 26270 | Orc:2    | Identified a +0 giant spiked club
 26274 | Orc:2    | Identified a +0 giant spiked club
 26297 | Orc:2    | Identified a +0 giant club
 26299 | Orc:2    | Identified a +0 giant spiked club
 26299 | Orc:2    | Identified a +0 giant club
 26302 | Orc:2    | Identified a +0 giant spiked club
 26302 | Orc:2    | Identified a +0 dire flail
 26303 | Orc:2    | Reached skill level 4 in Shields
 26305 | Orc:2    | Identified a +0 giant club
 26429 | Orc:2    | Found Avock's Weapon Shop.
 26429 | Orc:2    | Found Buamiust's General Store.
 26429 | Orc:2    | Found Wiveg's Food Shoppe.
 26429 | Orc:2    | Found Uliabeimer's Gadget Boutique.
 26432 | Orc:2    | Identified a +0 giant club
 26464 | Orc:2    | Bought a scroll of teleportation for 54 gold pieces
 26465 | Orc:2    | Bought a wand of digging (7) for 374 gold pieces
 26557 | Orc:1    | Found a bloodstained altar of Trog.
 26558 | Orc:1    | Identified a +0 quarterstaff of crushing
 26558 | Orc:1    | Identified a +0 robe
 26558 | Orc:1    | Noticed Jorgrun
 26750 | Orc:1    | Reached skill level 5 in Shields
 27014 | Orc:1    | Killed xoxolimbo's ghost
 27158 | Orc:1    | Identified a +6 quick blade (You found it on level 1 of the
                  | Orcish Mines)
 27163 | Orc:1    | Identified a +0 club
 27163 | Orc:1    | Identified a +0 leather armour
 27163 | Orc:1    | Identified a +0 falchion
 27164 | Orc:1    | Identified a +0 halberd
 27164 | Orc:1    | Identified a +0 plate armour
 27164 | Orc:1    | Identified a +0 battleaxe
 27164 | Orc:1    | Identified a +0 plate armour
 27164 | Orc:1    | Identified a +0 short sword of venom
 27164 | Orc:1    | Identified a +0 ring mail
 27281 | Orc:1    | Identified a cursed -1 long sword
 27281 | Orc:1    | Identified a +0 plate armour
 27285 | Orc:1    | Identified a +0 trident
 27285 | Orc:1    | Identified a +0 scale mail
 27286 | Orc:1    | Identified a +0 dagger
 27286 | Orc:1    | Identified a +0 robe
 27292 | Orc:1    | Identified a +0 flail
 27292 | Orc:1    | Identified a +0 ring mail
 27348 | Orc:1    | Identified a +0 flail
 27348 | Orc:1    | Identified a +0 leather armour
 27366 | Orc:1    | Identified a +0 long sword
 27366 | Orc:1    | Identified a +0 plate armour
 27457 | Orc:1    | Redear: ?petr
 27457 | Orc:1    | Redear: ??petr
 27457 | Orc:1    | beem: petrify[1/5]: Turns the target to stone after a brief
                  | period of slowness. While it's petrified it takes a lot
                  | less damage but can't do anything. Lv. 4 Tmut/Earth, in the
                  | books of Hinderance, Geomancy, and Alchemy.
 27457 | Orc:1    | Redear: ??petr [2
 27457 | Orc:1    | beem: petrify[2/5]: Player: Immune: gargoyles, Zin's
                  | Vitalisation, statue form or wisp form. Both: LRDable.
                  | Petrifying: 2x shatter dam b4.AC, 2/3 damage af.AC, half EV
                  | and 1.5x slow for 30 auts or until re-applied. Petrified:
                  | 4x shatter dam b4.AC, helpless(2-size) EV, 1/2 damage
                  | af.AC, nonliving, rTorment, rPois, rN+++, rRot+++ for
                  | 60+1d40 auts unextendable.
 27457 | Orc:1    | Redear: ??petr [3
 27457 | Orc:1    | beem: petrify[3/5]: Monster: Immune:
                  | insubstantial/catoblepas/earth elemental/lightning
                  | spire/statue. Both: LRDable, no frenzy/jump, 0 EV.
                  | Petrifying: 2x shatter dam b4.AC, 2/3 damage af.AC and 1.5x
                  | slow for ~50 auts or until reapplied. Petrified: 4x shatter
                  | dama b4.AC, 1/2 damage af.AC and helpless-0EV for 150 / (1
                  | + ((HD+5)*10/speed)) monster moves (minimum of 8).
 27457 | Orc:1    | Redear: ??petr [4
 27457 | Orc:1    | beem: helpless[1/1]: Paralyzed or petrified (not asleep!)
                  | for player, paralyzed/petrified/petrifying/asleep for
                  | monsters. For monsters, melee EV set to 0, even phase shift
                  | ignored, ranged EV remains same (might be bugs). For
                  | players, EV is set to 2-(size categories smaller than
                  | medium) + phase shift/distortion field EV bonuses, minimum
                  | 1.
 27457 | Orc:1    | Redear: ??firebolt
 27457 | Orc:1    | beem: firebolt ~ fireball[1/3]: Level 5 Fire/Conjuration
                  | spell. Cannot be evaded. Makes noise. Hits a 3x3 area. Does
                  | 3d(3.33+power/6) fire damage.
 27457 | Orc:1    | Redear: immolation
 27457 | Orc:1    | Redear: ??immolation
 27457 | Orc:1    | beem: scroll of immolation[1/2]: Applies inner flame to
                  | everything in LOS except to summons.
 27457 | Orc:1    | Redear: ??immolation [2
 27457 | Orc:1    | beem: scroll of immolation[2/2]: Cerebov explodes!
 27457 | Orc:1    | Redear: ??jorgrun
 27457 | Orc:1    | beem: jorgrun[1/8]: A dwarven earth mage, with iron shot,
                  | LRD, petrify, and dig. Prior to 0.22, had {shatter} instead
                  | of iron shot, and placed later, appearing additionally in
                  | Vaults, Crypt, Depths, and Tomb.
 27584 | Orc:1    | Found a burning altar of Makhleb.
 27646 | Orc:1    | Got a dazzling animal skin
 27712 | Orc:1    | Killed Jorgrun
 27712 | Orc:1    | Reached skill level 6 in Shields
 27957 | Orc:2    | Bought a scroll of brand weapon for 240 gold pieces
 28219 | Lair:1   | Entered Level 1 of the Lair of Beasts
 28334 | Lair:1   | Found a frozen archway.
 28334 | Lair:1   | Identified a +0 quarterstaff
 28334 | Lair:1   | Identified a +0 hunting sling
 28334 | Lair:1   | Identified a +0 leather armour
 28334 | Lair:1   | Noticed Joseph
 28342 | Lair:1   | Killed Joseph
 28360 | IceCv    | Entered an ice cave
 28415 | IceCv    | HP: 24/106 [polar bear (6)]
 28703 | IceCv    | Reached skill level 7 in Shields
 28788 | IceCv    | Reached XP level 15. HP: 109/112 MP: 19/34
 29036 | IceCv    | Identified a +1 battleaxe of freezing
 29036 | IceCv    | Noticed a frost giant
 29054 | IceCv    | Killed a frost giant
 29347 | IceCv    | Found the +2 hat of the Bear Spirit {Spirit, +Rage rN+
                  | MR++}
 29885 | Lair:1   | Identified a scroll of magic mapping
 29886 | Lair:1   | Identified the +2 animal skin of Dim Light {rPois rF+
                  | rCorr} (You found it on level 1 of the Orcish Mines)
 30314 | Lair:2   | Identified a +2 cloak of cold resistance {rC+} (You found
                  | it in an ice cave)
 30323 | Lair:2   | Found a runed translucent door.
 30324 | Lair:2   | Noticed Wolly's ghost (journeyman TrHu)
 30362 | Lair:2   | Identified a +0 hat of see invisible
 30362 | Lair:2   | Noticed Gastronok
 30431 | Lair:2   | Killed Gastronok
 30518 | Lair:2   | Reached skill level 16 in Spellcasting
 30676 | Lair:2   | Got a crude dagger
 30679 | Lair:2   | Identified the cursed +1 dagger of Atoritev {flame, rC+ MR+
                  | Int+2 Dex+2} (You found it on level 2 of the Lair of
                  | Beasts)
 30811 | Lair:2   | Found a staircase to the Shoals.
 31434 | Lair:2   | Killed Wolly's ghost
 32121 | Lair:3   | Found a dark tunnel.
 32128 | Volcano  | Entered a volcano
 32624 | Volcano  | Found a burning altar of Makhleb.
 32624 | Volcano  | Identified a +2 shortbow of flaming
 32624 | Volcano  | Identified a +2 shortbow of flaming
 32624 | Volcano  | Identified a +1 arbalest of flaming
 32624 | Volcano  | Identified a +0 arbalest of flaming
 32626 | Volcano  | Identified a +2 shortbow of flaming
 32627 | Volcano  | Identified a +1 scimitar of flaming
 32627 | Volcano  | Identified a +0 chain mail of fire resistance
 32688 | Volcano  | Reached skill level 17 in Spellcasting
 32732 | Volcano  | Identified a +0 flail
 32817 | Volcano  | Identified a +0 mace
 33231 | Lair:4   | Found a hole to the Spider Nest.
 33998 | Lair:4   | Got a twitching steel ring
 34001 | Lair:4   | Identified the ring "Xeatonop" {Fire rElec Str+6 Int+4}
                  | (You acquired it on level 4 of the Lair of Beasts)
 34044 | Lair:5   | Identified a +1 battleaxe of electrocution
 34044 | Lair:5   | Identified a +0 leather armour
 34044 | Lair:5   | Noticed Rupert
 34051 | Lair:5   | Killed Rupert
 34051 | Lair:5   | Reached skill level 18 in Spellcasting
 34252 | Lair:5   | You fall through a shaft!
 34252 | Lair:6   | Entered Level 6 of the Lair of Beasts
 34256 | Lair:6   | Found a staircase to the Slime Pits.
 35230 | Lair:6   | Found a transporter.
 35233 | Lair:6   | Found a transporter.
 35291 | Lair:6   | Noticed pentaxis93's ghost (journeyman MiFi)
 35459 | Lair:6   | Reached skill level 19 in Spellcasting
 35483 | Lair:6   | Reached XP level 16. HP: 118/118 MP: 0/39
 36431 | Lair:6   | Got a dazzling battleaxe
 36449 | Lair:6   | Identified the cursed +2 battleaxe of the Madman {flame,
                  | MP+9} (You found it on level 6 of the Lair of Beasts)
 36610 | Lair:6   | Identified a +0 cloak of magic resistance (You found it on
                  | level 6 of the Lair of Beasts)
 36796 | Lair:6   | Killed pentaxis93's ghost
 36972 | Spider:1 | Entered Level 1 of the Spider Nest
 37194 | Spider:1 | Noticed an entropy weaver
 37244 | Lair:4   | Killed an entropy weaver
 37508 | Lair:4   | Identified a +2 glaive of protection (You found it on level
                  | 4 of the Lair of Beasts)
 37600 | Spider:1 | Reached skill level 10 in Fire Magic
 37759 | Lair:4   | Bought a scroll of fear for 52 gold pieces
 37777 | Lair:4   | Identified a scroll of vulnerability
 37784 | Lair:4   | Identified a cursed +0 large shield (You found it on level
                  | 10 of the Dungeon)
 37805 | Lair:4   | Bought a scroll of remove curse for 36 gold pieces
 37807 | Lair:4   | Bought a book of Unlife for 975 gold pieces
 37807 | Lair:4   | Bought the Compendium of the Torrid Birds for 993 gold
                  | pieces
 37814 | Lair:4   | Learned a level 5 spell: Borgnjor's Vile Clutch
 37909 | Spider:1 | Reached skill level 1 in Earth Magic
 37929 | Spider:1 | Noticed an entropy weaver
 37934 | Spider:1 | Killed an entropy weaver
 37934 | Spider:1 | Reached skill level 2 in Earth Magic
 38487 | Spider:1 | Reached skill level 3 in Earth Magic
 38547 | Spider:1 | Identified a cursed +0 buckler (You found it on level 1 of
                  | the Spider Nest)
 38572 | Spider:2 | Noticed an entropy weaver
 38626 | Spider:1 | Reached skill level 4 in Earth Magic
 39008 | Spider:2 | HP: 28/118 [jumping spider (7)]
 39009 | Spider:2 | HP: 10/118 [tarantella (7)]
 39010 | Spider:2 | HP: 4/118 [redback (2)]
 39011 | Spider:2 | HP: 1/118 [redback (2)]
 39011 | Spider:2 | Mangled by a tarantella

Table legend:
 A = Turns spent in this place as a percentage of turns spent in the entire game.
 B = Non-inter-level travel turns spent in this place as a percentage of non-inter-level travel turns spent in the entire game.
 C = Inter-level travel turns spent in this place as a percentage of turns spent in this place.
 D = Turns resting spent in this place as a percentage of non-inter-level travel turns spent in this place.
 E = Turns spent auto-exploring this place as a percentage of non-inter-level travel turns spent in this place.
 F = Non-inter-level travel turns spent in this place divided by the number of levels of this place that you've seen.
                   A       B       C       D       E      F
               +-------+-------+-------+-------+-------+----------------------
         Total | 100.0 | 100.0 |   6.6 |  16.0 |  34.1 | 1256.0
       Dungeon |  61.4 |  60.4 |   8.2 |  16.1 |  34.7 | 1466.1
        Temple |   0.2 |   0.2 |   0.0 |  85.7 |   0.0 |  70.0
          Lair |  19.8 |  20.0 |   5.6 |  14.1 |  46.3 | 1212.7
   Spider Nest |   2.6 |   2.6 |   3.9 |  26.2 |  15.0 | 479.0
  Orcish Mines |   8.6 |   8.8 |   4.8 |  16.8 |  31.6 | 1603.5
      Ice Cave |   3.3 |   3.6 |   0.0 |  25.8 |   7.1 | 1298.0
       Volcano |   2.0 |   2.2 |   0.0 |   7.1 |  21.1 | 787.0
      Gauntlet |   2.1 |   2.3 |   0.0 |   0.6 |   0.0 | 836.0
               +-------+-------+-------+-------+-------+----------------------

Table legend:
 A = Kills in this place as a percentage of kills in entire the game.
 B = Kills by you in this place as a percentage of kills by you in the entire game.
 C = Kills by friends in this place as a percentage of kills by friends in the entire game.
 D = Other kills in this place as a percentage of other kills in the entire game.
 E = Experience gained in this place as a percentage of experience gained in the entire game.
 F = Experience gained in this place divided by the number of levels of this place that you have seen.
                   A       B       C       D       E      F
               +-------+-------+-------+-------+-------+----------------------
         Total | 100.0 | 100.0 | 100.0 | 100.0 | 100.0 | 6583.9
       Dungeon |  56.2 |  46.7 |  94.8 |  60.0 |  36.7 | 4675.1
          Lair |  22.2 |  28.4 |   0.0 |   5.7 |  33.4 | 10628.0
   Spider Nest |   5.0 |   6.2 |   0.0 |   5.7 |   8.3 | 7922.0
  Orcish Mines |   9.9 |  11.6 |   1.7 |  14.3 |  14.3 | 13655.5
      Ice Cave |   3.9 |   4.5 |   1.7 |   2.9 |   4.6 | 8712.0
       Volcano |   1.6 |   1.4 |   1.2 |   8.6 |   1.7 | 3192.0
      Gauntlet |   1.2 |   1.3 |   0.6 |   2.9 |   1.0 | 1980.0
               +-------+-------+-------+-------+-------+----------------------

Skill      XL: |  1  2  3  4  5  6  7  8  9 10 11 12 13 14 15 16 |
---------------+-------------------------------------------------+-----
Conjurations   | 1 2 3 6 9 |  9.9
Spellcasting   | 5 9 10 11 12 15 19 | 19.2
Summonings     | 1 2 3 |  3.5
Fire Magic     | 1 2 3 7 9 10 | 10.0
Poison Magic   | 1 2 |  2.8
Translocations | 4 |  4.0
Fighting       | 1 6 8 |  8.5
Armour         | 4 |  4.9
Dodging        | 4 5 |  5.3
Necromancy     | 6 8 |  8.7
Shields        | 7 |  7.9
Earth Magic    | 4 |  4.0
Stealth        | |  1.5

Action                   |  1- 3 |  4- 6 |  7- 9 | 10-12 | 13-15 | 16-18 || total
-------------------------+-------+-------+-------+-------+-------+-------++-------
Melee: Unarmed           |    43 |    59 |    90 |       |       |       ||   192
       Spear             |       |       |   110 |   577 |    97 |    10 ||   794
       Staff             |       |       |       |    37 |   231 |    25 ||   293
       Quick blade       |       |       |       |       |    70 |     2 ||    72
Throw: Stone             |       |     1 |       |     1 |     2 |       ||     4
 Cast: Magic Dart        |    76 |   203 |   216 |   209 |    86 |     4 ||   794
       Call Imp          |     8 |    59 |   421 |   309 |   136 |     2 ||   935
       Mephitic Cloud    |     2 |       |     4 |    92 |    61 |     9 ||   168
       Blink             |       |       |    56 |    46 |    13 |    17 ||   132
       Conjure Flame     |       |       |     2 |    50 |    25 |       ||    77
       Fireball          |       |       |       |   123 |   565 |   150 ||   838
       Apportation       |       |       |       |     1 |       |       ||     1
       Borgnjor's Vile C |       |       |       |       |       |    30 ||    30
Invok: Potion Petition   |       |       |     2 |     1 |     2 |       ||     5
       Call Merchant     |       |       |       |       |       |     3 ||     3
Evoke: Wand              |       |       |       |    13 |     9 |     7 ||    29
  Use: Scroll            |       |       |    17 |    11 |    18 |     4 ||    50
 Stab: Distracted        |       |       |     3 |     2 |     7 |       ||    12
       Confused          |       |       |       |    29 |    12 |     3 ||    44
Armor: Robe              |    17 |    20 |   102 |   305 |   268 |       ||   712
       Animal skin       |       |       |       |       |     3 |   131 ||   134
Dodge: Dodged            |    66 |   115 |   405 |   775 |   469 |   178 ||  2008
Block: Buckler           |       |       |       |       |       |    11 ||    11
       Large shield      |       |       |       |       |       |     7 ||     7

Vanquished Creatures
  Rupert (Lair:5)
  Jorgrun (Orc:1)
  Gastronok (Lair:2)
  An emperor scorpion (Lair:4)
  A ghost moth (Lair:4)
  2 frost giants
  The ghost of xoxolimbo the Destroyer, a journeyman DsFE of Vehumet (Orc:1)
  2 entropy weavers
  The ghost of pentaxis93 the Severer, a journeyman MiFi of Okawaru (Lair:6)
  The ghost of Wolly the Grappler, a journeyman TrHu of Makhleb (Lair:2)
  A merfolk javelineer (Orc:1)
  Josephine (D:11)
  Harold (D:8)
  Fannar (D:10)
  4 vault guards (D:13)
  4 centaur warriors
  5 hydras
  A death knight (D:12)
  A catoblepas (Lair:4)
  5 ogre magi
  16 two-headed ogres
  A vampire mage (D:13)
  Urug (D:11)
  A tengu warrior (D:14)
  2 deep elf knights (D:13)
  A hell knight (Volcano)
  4 skeletal warriors
  3 unseen horrors
  A deep elf archer (Orc:1)
  A phantasmal warrior (D:12)
  4 orc knights
  2 wizards (Gauntlet)
  4 orb spiders
  6 ugly things
  A wolf spider zombie (D:13)
  2 deep elf magi
  8 wolf spiders
  3 orc sorcerers
  2 manticores
  2 cyclopes (D:15)
  2 ice statues (IceCv)
  3 black mambas
  Maurice (D:9)
  9 elephants
  Joseph (Lair:1)
  2 gargoyles
  22 spiny frogs
  6 centaur skeletons
  A freezing wraith (D:12)
  2 kobold demonologists
  3 rime drakes
  2 yaktaurs (Volcano)
  An efreet (D:14)
  6 demonic crawlers
  7 komodo dragons
  A tengu conjurer (D:13)
  12 jumping spiders
  16 polar bears
  A queen bee (Lair:6)
  4 trolls
  Prince Ribbit (D:9)
  6 hornets
  29 blink frogs
  2 tyrant leeches (Lair:6)
  5 slime creatures
  7 hippogriffs
  6 dream sheep (Lair:6)
  A meliai zombie (D:15)
  A shadow (D:13)
  20 redbacks
  13 flying skulls
  7 vampires
  2 wyverns
  4 tarantellas
  4 wraiths (D:11)
  2 fire bats (Volcano)
  39 yaks
  A hog (D:8)
  Grum (D:8)
  2 hungry ghosts
  6 vampire mosquitoes (Lair:6)
  3 basilisks
  8 water moccasins
  7 porcupines
  2 ice beasts
  2 black bears (D:10)
  30 ogres
  2 sky beasts
  12 orc warriors
  2 phantoms
  4 boggarts (D:15)
  A necrophage (D:6)
  5 centaurs
  11 wolves (IceCv)
  5 crocodiles
  19 bullfrogs
  A big kobold (shapeshifter) (D:15)
  4 big kobolds (D:13)
  A wyvern skeleton (D:14)
  Dowan (D:7)
  A scorpion (D:8)
  A water moccasin skeleton (D:8)
  26 killer bees
  23 wights
  2 howler monkeys
  3 electric eels (Lair:6)
  A crimson imp (D:6)
  4 lava snakes (Volcano)
  A bullfrog zombie (D:12)
  4 centaur zombies
  A quasit (D:7)
  2 jellies
  6 human zombies (D:13)
  10 orc priests
  2 hounds
  12 orc wizards
  A bullfrog skeleton (D:13)
  3 worker ants
  A killer bee zombie (D:9)
  The ghost of Ciugracu the Shield-Bearer, a weakling FoFi (D:15)
  A hound zombie (D:10)
  3 gnolls
  3 river rats
  10 adders
  5 shadow imps
  14 white imps
  2 oozes
  3 adder skeletons
  A worm (D:2)
  2 dart slugs
  A leopard gecko (D:2)
  43 orcs
  12 bats
  5 giant cockroaches
  8 goblins
  11 hobgoblins
  8 jackals
  3 quokkas
  3 ball pythons (D:4)
  2 ball python skeletons (D:4)
  3 frilled lizards
  8 kobolds
  2 leopard gecko skeletons
  A leopard gecko zombie (D:6)
  6 rats
  A bush (Lair:2)
  3 fungi
  9 plants
760 creatures vanquished.

Vanquished Creatures (collateral kills)
  A centaur warrior (D:13)
  A cyclops (D:10)
  A manticore (D:11)
  A centaur zombie (D:14)
  4 centaur skeletons
  A komodo dragon (shapeshifter) (D:13)
  A harpy zombie (D:10)
  A queen bee (D:10)
  2 slime creatures
  2 polar bears (IceCv)
  A hornet (Gauntlet)
  4 hippogriffs
  4 flying skulls (D:13)
  A vampire (D:13)
  3 hogs (D:8)
  2 wraiths
  A human (D:8)
  A hungry ghost (D:7)
  3 orc warriors
  Duvessa (D:7)
  2 porcupines (D:13)
  2 ice beasts
  A sky beast (D:11)
  5 ogres
  4 wolves
  A phantom (D:5)
  5 centaurs
  2 big kobolds
  4 bullfrogs
  A wyvern zombie (D:6)
  A scorpion (D:5)
  A killer bee (D:10)
  6 wights
  4 howler monkeys
  3 crimson imps
  A bullfrog zombie (D:5)
  2 lava snakes (Volcano)
  A human zombie (D:13)
  8 orc priests
  A hound (D:9)
  An orc wizard (D:5)
  2 iguanas
  Terence (D:2)
  A gnoll shaman (D:4)
  8 worker ants
  2 worker ant zombies
  Robin (D:1)
  12 gnolls
  An adder (D:3)
  A howler monkey skeleton (D:6)
  2 shadow imps
  A worm (D:2)
  A leopard gecko (D:11)
  20 orcs
  4 bats (D:13)
  A giant cockroach (D:5)
  8 goblins (D:2)
  A hobgoblin (D:3)
  4 jackals
  A quokka (D:6)
  8 kobolds
  A rat (D:3)
173 creatures vanquished.

Vanquished Creatures (others)
  An acid dragon (D:13)
  2 killer bees
  A howler monkey (D:11)
  An orc (D:5)
  14 fungi
  48 plants
67 creatures vanquished.

Grand Total: 1000 creatures vanquished
